 Dungeon Crawl Stone Soup version 0.19.1 (webtiles) character file.

65 empire the Magician (level 4, -4/27 HPs)
             Began as an Octopode Wizard on Dec 23, 2016.
             Slain by a gnoll
             ... wielding a +0 spear
              (6 damage)
             ... on level 2 of the Dungeon.
             The game lasted 00:04:05 (1622 turns).

empire the Magician (Octopode Wizard)               Turns: 1622, Time: 00:04:06

Health: -4/27      AC:  1    Str:  6    XL:     4   Next: 13%
Magic:  1/8        EV: 13    Int: 21    God:
Gold:   140        SH:  0    Dex: 10    Spells: 4 memorised, 2 levels left

rFire  . . .     SeeInvis .     a - +0 dagger
rCold  . . .     Gourm    .     (no shield)
rNeg   . . .     Faith    .     Z - +0 hat
rPois  .         Spirit   .     (no amulet)
rElec  .         Reflect  .     (no ring)
rCorr  .         Harm     .     (no ring)
MR     .....                    (no ring)
Stlth  +++.......               (no ring)
                                (no ring)
                                (no ring)
                                (no ring)
                                (no ring)

@: very slightly contaminated
A: almost no armour, stealthy swim, amphibious, 8 rings, constrict 8, camouflage
1, gelatinous body 1
a: no special abilities


You were on level 2 of the Dungeon.
You were not hungry.

You visited 1 branch of the dungeon, and saw 2 of its levels.

You collected 140 gold pieces.

Inventory:

Hand Weapons
 a - a +0 dagger (weapon)
Missiles
 i - 31 bolts
 l - 6 javelins (quivered)
 t - 2 needles of sleeping
Armour
 Z - a +0 hat (worn)
Scrolls
 e - 4 scrolls of remove curse {unknown}
 g - 2 scrolls of teleportation {unknown}
 p - a scroll of identify {unknown}
 q - 2 scrolls of blinking {unknown}
 s - a scroll of immolation {unknown}
Potions
 d - 2 potions of curing {unknown}
 h - 2 potions of cancellation {unknown}
 k - a potion of haste {unknown}
 m - a potion of cure mutation {unknown}
 n - a potion of ambrosia {unknown}
 o - a potion of heal wounds {unknown}
Books
 b - a book of Minor Magic

   Spells                             Type                      Level
   a - Magic Dart                     Conjuration                  1
   b - Blink                          Translocation                2
   c - Call Imp                       Summoning                    2
   d - Repel Missiles                 Charms/Air                   2
   e - Slow                           Hexes                        2
   f - Conjure Flame                  Conjuration/Fire             3
   g - Mephitic Cloud                 Conjuration/Poison/Air       3
 r - a book of Cantrips

   Spells                             Type                      Level
   a - Confusing Touch                Hexes                        1
   b - Animate Skeleton               Necromancy                   1
   c - Summon Small Mammal            Summoning                    1
   d - Apportation                    Translocation                1
Comestibles
 c - 2 bread rations
 j - a meat ration


   Skills:
 - Level 2.0 Dodging
 - Level 2.6 Stealth
 - Level 3.0 Spellcasting
 - Level 3.0 Conjurations
 + Level 2.4 Summonings
 - Level 1.0 Translocations


You had 2 spell levels left.
You knew the following spells:

 Your Spells              Type           Power        Failure   Level  Hunger
a - Magic Dart            Conj           ###.         4%          1    None
b - Blink                 Tloc           N/A          14%         2    ##.....
c - Call Imp              Summ           ##......     10%         2    ##.....
d - Repel Missiles        Chrm/Air       #.....       21%         2    ##.....


Dungeon Overview and Level Annotations

Branches:
Dungeon (2/15)

Altars:
Dithmenos
Zin


Innate Abilities, Weirdness & Mutations

You cannot wear most types of armour.
You are very stealthy in the water. (Stealth+)
You are amphibious.
You can wear up to eight rings at the same time.
You can use your tentacles to constrict eight enemies at once.
Your skin changes colour to match your surroundings (Stealth+).
Your rubbery body absorbs attacks. (AC +1, EV +1)


Message History

You have reached level 4!
The goblin shouts!
The goblin moves out of view.
Casting: Magic Dart
Confirm with . or Enter, or press ? or * to list all spells.
Aiming: Magic Dart
Press: ? - help, Shift-Dir - straight line, f - gnoll
Aim: a gnoll The magic dart hits the gnoll.
All of the chunks of flesh in your inventory have rotted away.
Casting: Magic Dart
Confirm with . or Enter, or press ? or * to list all spells.
Aiming: Magic Dart
Press: ? - help, Shift-Dir - straight line, f/p - gnoll
Aim: a gnoll The magic dart hits the gnoll.
The gnoll is moderately wounded.
The gnoll barely misses you.
The gnoll hits you from afar with a spear.
You die...

#..........# ##.....
#..........# #......
#..........# #### #......
#..........###..### #......
#..........##.....## #......
#..>...........##..###......
######..####..##....##......
##.# #...#._...#....÷..
#.###@.(##....#.......
#..##g...##..#####÷...
##.##.g.....######)##.
#.##.....#####....##.
#.##g....# #..######
#.##g....# #.## # #.##.#####
##.# #.#..# #..# # #.#.##
##.########


You could see 3 gnolls and a goblin.

Vanquished Creatures
  A gnoll (D:2)
  2 adders (D:2)
  A worm (D:2)
  A dart slug (D:1)
  A leopard gecko (D:2)
  2 ball pythons
  2 goblins
  3 hobgoblins
  6 jackals (D:2)
  6 bats
  A frilled lizard (D:2)
  3 kobolds
  2 rats (D:1)
31 creatures vanquished.

Notes
Turn   | Place    | Note
-------+----------+-------------------------------------------
     0 | D:1      | empire the Octopode Wizard began the quest for the Orb.
     0 | D:1      | Reached XP level 1. HP: 11/11 MP: 4/4
   218 | D:1      | Reached XP level 2. HP: 13/17 MP: 0/6
   596 | D:2      | Found a faded altar of an unknown god.
   918 | D:2      | Reached XP level 3. HP: 8/21 MP: 7/7
  1148 | D:2      | Learned a level 2 spell: Blink
  1151 | D:2      | Learned a level 2 spell: Call Imp
  1154 | D:2      | Learned a level 2 spell: Repel Missiles
  1304 | D:2      | Found a glowing silver altar of Zin.
  1342 | D:2      | Found a shadowy altar of Dithmenos.
  1607 | D:2      | HP: 1/21 [gnoll/flail (16)]
  1608 | D:2      | Reached XP level 4. HP: 1/27 MP: 1/8
  1622 | D:2      | Slain by a gnoll

Skill      XL: |  1  2  3 |
---------------+----------+-----
Conjurations   | 2 3 |  3.0
Summonings     | 2 |  2.4
Dodging        | |  2.0
Stealth        | |  2.6
Spellcasting   | |  3.0
Translocations | |  1.0

Action                   |  1- 3 |  4- 6 || total
-------------------------+-------+-------++-------
Melee: Unarmed           |     4 |       ||     4
       Dagger            |    48 |       ||    48
       Constrict         |    10 |       ||    10
       Tentacles         |     6 |       ||     6
 Cast: Magic Dart        |    37 |     3 ||    40
 Stab: Sleeping          |     3 |       ||     3
  Eat: Chunk             |     2 |       ||     2
Armor: Skin              |     1 |       ||     1
Dodge: Dodged            |    57 |     1 ||    58
